Map: Beckett Industries LE

Players

Deletemaster

  • Race: Zerg Zerg
  • League: Gold

Tunkon - Winner!

  • Race: Zerg Zerg
  • League: Platinum

VOD

Have the link to the VOD?

Description

Time

  • Played on: May 15, 2021, 8:17 p.m.
  • Length: 14:30
Show
View Real Time Build Order
Export as new Build Order

Deletemaster Zerg 

Build Orders: Hatch First 

Get SALT Encoding   

  12  0:10  Drone  
  12  0:11  Drone  
  14  0:21  Overlord  
  14  0:41  Drone x2  
  16  0:43  Drone  
  17  1:00  Drone  
  17  1:01  Hatchery  
  17  1:05  Drone  
  18  1:14  Extractor  
  17  1:19  Spawning Pool  
  17  1:22  Drone  
  17  1:28  Drone  
  18  1:39  Drone  
  19  1:54  Overlord  
  19  2:11  Queen  
  19  2:13  Zergling x4  
  19  2:15  Queen  
  25  2:17  Drone  
  25  2:22  Drone  
  27  2:23  Metabolic Boost  
  27  2:31  Drone x2  
  27  2:36  Drone  
  30  2:43  Drone  
  31  2:48  Drone  
  32  2:53  Drone  
  32  2:56  Overlord  
  33  3:05  Roach Warren  
  32  3:07  Drone x2  
  32  3:08  Evolution Chamber  
  33  3:13  Drone  
  34  3:20  Drone x2  
  34  3:25  Drone x2  
  34  3:26  Hatchery  
  37  3:30  Drone x2  
  39  3:39  Zerg Missile Weapons Level 1  
  39  3:40  Drone x2  
  41  3:42  Drone  
  41  3:43  Drone  
  41  3:46  Extractor  
  42  3:50  Drone  
  42  3:51  Drone  
  42  3:52  Extractor  
  43  3:57  Extractor  
  43  3:58  Overlord  
  43  3:59  Overlord  
  42  4:11  Drone x2  
  44  4:17  Lair  
  44  4:19  Drone x5  
  49  4:34  Drone x2  
  49  4:35  Drone x5  
  56  4:48  Queen  
  58  4:53  Roach x3  
  58  4:54  Roach  
  66  5:10  Overlord x5  
  66  5:22  Glial Reconstitution  
  66  5:27  Queen  
  68  5:34  Zerg Missile Weapons Level 2  
  68  5:36  Roach x4  
  68  5:37  Roach x6  
  88  5:53  Roach x7  
  88  5:54  Roach  
  88  5:56  Roach  
  106  6:13  Overlord x6  
  106  6:32  Roach x8  
  122  6:41  Overlord  
  122  6:42  Overlord x3  
  122  6:56  Infestation Pit  
  122  6:57  Hydralisk Den  
  120  7:03  Roach  
  120  7:04  Roach x6  
  120  7:05  Roach  
  120  7:06  Zergling x2  
  137  7:23  Roach x7  
  137  7:24  Roach  
  137  7:26  Roach  
  155  7:42  Hive  
  155  7:47  Roach x7  
  152  8:13  Roach  
  152  8:14  Roach x9  
  152  8:15  Roach  
  148  8:34  Roach  
  148  8:35  Roach x5  
  132  9:01  Roach x7  
  122  9:08  Roach  
  122  9:09  Roach  
  82  9:17  Drone  
  77  9:32  Queen  
  77  9:36  Hatchery  
  77  9:37  Zerg Missile Weapons Level 3  
  76  9:41  Roach x8  
  92  10:00  Roach  
  92  10:01  Roach x9  
  112  10:26  Roach  
  112  10:27  Roach x6  
  126  10:29  Roach  
  126  10:30  Hatchery  
  127  10:40  Hatchery  
  126  10:45  Nydus Network  
  125  11:01  Roach  
  125  11:02  Roach x10  
  147  11:17  Roach  
  147  11:18  Roach x5  
  159  11:45  Roach x9  
  175  12:07  Overseer  
  175  12:08  Overseer  
  175  12:10  Pneumatized Carapace  
  175  12:31  Overlord  
  175  12:32  Overlord x3  
  137  12:52  Roach x9  
  137  12:53  Roach x10  
  91  13:28  Roach x11  
  91  13:29  Roach x4  
  89  13:47  Roach x7  
  89  13:48  Roach  
  92  13:57  Roach  
  92  13:58  Roach x3  
  100  14:03  Overseer x2  
  100  14:09  Roach x2  
  106  14:10  Roach  
Show
View Real Time Build Order
Export as new Build Order

Tunkon Zerg - Winner!

Build Orders: Hatch First, Lurkers 

Get SALT Encoding   

  12  0:00  Drone  
  13  0:13  Overlord  
  13  0:17  Drone  
  14  0:31  Drone  
  14  0:32  Drone  
  14  0:35  Drone  
  17  0:53  Hatchery  
  17  0:55  Drone  
  17  0:58  Extractor  
  16  1:05  Drone  
  17  1:15  Spawning Pool  
  16  1:18  Drone  
  16  1:23  Drone  
  18  1:31  Drone  
  19  1:39  Overlord  
  19  1:50  Drone  
  20  2:01  Drone  
  21  2:03  Queen  
  21  2:05  Queen  
  25  2:11  Zergling x2  
  25  2:12  Metabolic Boost  
  26  2:15  Drone  
  26  2:18  Zergling x2  
  28  2:23  Drone  
  28  2:27  Overlord  
  29  2:52  Drone x3  
  29  2:55  Drone  
  29  2:57  Hatchery  
  32  3:02  Roach Warren  
  31  3:18  Queen  
  31  3:19  Drone  
  35  3:20  Drone x3  
  35  3:22  Drone  
  35  3:25  Drone  
  39  3:27  Drone  
  39  3:29  Drone  
  39  3:31  Drone  
  39  3:34  Drone  
  43  3:37  Drone  
  43  3:39  Drone, Extractor  
  44  3:47  Overlord x2  
  44  4:06  Drone x2  
  44  4:09  Drone x4  
  52  4:10  Drone x2  
  52  4:24  Drone x5  
  54  4:25  Drone x4  
  54  4:26  Evolution Chamber  
  54  4:27  Evolution Chamber  
  59  4:32  Overlord  
  59  4:33  Overlord  
  59  4:34  Drone  
  60  4:47  Roach x3  
  66  4:53  Overlord  
  66  4:54  Overlord  
  66  4:56  Drone  
  66  4:59  Lair  
  67  5:02  Zerg Ground Armor Level 1, Zerg Missile Weapons Level 1  
  67  5:04  Roach  
  67  5:05  Roach x3  
  75  5:11  Extractor  
  75  5:12  Drone  
  75  5:13  Extractor  
  74  5:16  Drone  
  74  5:17  Drone x2  
  74  5:19  Extractor  
  74  5:20  Drone  
  77  5:21  Extractor  
  77  5:28  Roach x5  
  86  5:34  Queen x2  
  90  5:38  Overlord x3  
  90  5:39  Drone x2  
  92  5:44  Drone  
  92  5:45  Drone x2  
  92  5:46  Drone x2  
  97  6:01  Roach  
  97  6:02  Roach x9  
  117  6:05  Overlord  
  117  6:10  Hydralisk Den  
  116  6:11  Roach  
  118  6:24  Hatchery  
  117  6:49  Glial Reconstitution, Muscular Augments  
  117  6:50  Hydralisk x5  
  117  6:51  Hydralisk  
  129  7:03  Overlord  
  129  7:04  Overlord x4  
  129  7:15  Lurker Den  
  129  7:17  Drone x2  
  129  7:21  Overlord  
  130  7:28  Hydralisk x2  
  130  7:29  Hydralisk x5  
  144  7:30  Overlord x3  
  144  7:36  Overlord x3  
  144  7:53  Hydralisk  
  144  7:54  Hydralisk x6  
  150  8:11  Roach  
  150  8:12  Roach x5, Hydralisk  
  131  8:21  Roach x5  
  131  8:26  Roach  
  135  8:27  Roach x2  
  135  8:32  Zergling x2  
  135  8:33  Zergling x16  
  132  8:47  Roach  
  132  8:48  Roach  
  118  8:53  Roach  
  96  9:05  Roach  
  96  9:06  Roach x8  
  92  9:21  Zerg Missile Weapons Level 2  
  92  9:23  Roach  
  95  9:24  Roach x5  
  103  9:35  Hatchery  
  103  9:37  Roach x2  
  103  9:38  Roach x2  
  110  9:47  Lurker  
  110  9:51  Lurker  
  112  10:03  Hatchery  
  112  10:05  Drone  
  112  10:06  Drone x8  
  120  10:25  Grooved Spines  
  120  10:40  Queen x3  
  126  10:48  Drone  
  126  10:49  Drone x3  
  130  10:54  Roach  
  130  10:55  Roach x5  
  142  11:07  Infestation Pit  
  142  11:09  Roach x4  
  149  11:16  Queen  
  149  11:18  Drone x4  
  153  11:19  Drone  
  157  11:25  Drone x2  
  157  11:26  Drone x2  
  160  11:33  Lurker x3  
  160  11:34  Lurker  
  161  12:10  Roach, Hydralisk  
  161  12:11  Roach x2, Hydralisk x11  
  191  12:27  Roach  
  176  12:54  Roach  
  176  12:55  Roach x5, Hydralisk x2  
  176  12:56  Hydralisk x4  
  146  13:28  Roach x4  
  146  13:29  Roach x17  
  172  14:10  Roach  
Tags
 
Add a new tag
Caveats
  • Supply blocks, unpowered buildings, or Contaminate may cause inaccurate times.
  • Supply counts are checked every 10 seconds.